 Dungeon Crawl Stone Soup version 0.27-a0-124-g19cb506db8 (webtiles) character file.

Game seed: 1167851384065902990

67746 sanka the Unseen (level 14, -6/77 HPs)
             Began as a Spriggan Enchanter on Jan 7, 2021.
             Was the Champion of Ru.
             Mangled by Jorgrun
             ... wielding a +0 vorpal quarterstaff
              (17 damage)
             ... on level 2 of the Orcish Mines on Jan 26, 2021.
             The game lasted 01:18:18 (34404 turns).

sanka the Unseen (Spriggan Enchanter)              Turns: 34404, Time: 01:18:18

Health: -6/77      AC:  8    Str:  7    XL:     14   Next: 84%
Magic:  0/24       EV: 35    Int: 18    God:    Ru [******]
Gold:   2246       SH:  0    Dex: 24    Spells: 7/25 levels left

rFire    + + .     SeeInvis +   a - +1 dagger
rCold    . . .     Faith    .   (shield restricted)
rNeg     . . .     Spirit   +   R - +0 steam dragon scales
rPois    .         Reflect  .   i - +2 hood of the Assassin {Detection Stab+ Stlth++}
rElec    .         Harm     .   r - +0 cloak
rCorr    .         Rampage  .   (gloves unavailable)
Will     ++...                  (boots unavailable)
Stlth    ++++++++..             u - amulet of guardian spirit
HPRegen  0.22/turn              q - ring "Kuggujoa" {rF++ Str+3 Dex+6}
MPRegen  0.19/turn              D - +4 ring of evasion

@: confusing touch, grasped by roots, constricted, very quick
A: very small, unfitting armour, see invisible, clumsy 1, speed 3, hated by all,
disrupted magic 2, unskilled 1, inexperienced 1
a: Renounce Religion, Draw Out Power, Power Leap, Apocalypse


You were on level 2 of the Orcish Mines.
You worshipped Ru.
Ru was exalted by your worship.
You visited 3 branches of the dungeon, and saw 20 of its levels.
You also visited: Ossuary and Gauntlet.

You collected 2298 gold pieces.
You spent 52 gold pieces at shops.


Innate Abilities, Weirdness & Mutations

You are very small and have problems with some larger weapons.
You are too small for most types of armour.
You have supernaturally acute eyesight. (SInv)
You are clumsy. (Dex -2)
You cover ground extremely quickly.
You are hated by all.
Your casting is disrupted.
You are somewhat unskilled. (-1 Apt)
You are somewhat inexperienced. (-2 XL)


   Skills:
 - Level 10.0 Fighting
 + Level 9.5 Short Blades
 + Level 14.9 Dodging
 - Level 15.0 Stealth
 - Level 6.0 Spellcasting
 - Level 15.0 Hexes


You had 7 spell levels left.
You knew the following spells:

 Your Spells              Type           Power        Failure   Level
x - Confusing Touch       Hex            56%          1%          3
y - Dazzling Flash        Conj/Hex       64%          5%          3
z - Ensorcelled Hibernat  Hex/Ice        64%          3%          2
G - Silence               Hex/Air        16%          30%         5
Q - Cause Fear            Hex            28%          1%          4
Z - Corona                Hex            62%          1%          1

Your spell library contained the following spells:

 Spells                   Type           Power        Failure   Level
 Inner Flame              Hex/Fire       32%          5%          3
 Fulminant Prism          Conj/Hex       16%          13%         4
 Beastly Appendage        Tmut           10%          24%         1
 Magic Dart               Conj           20%          24%         1
 Sandblast                Erth           10%          24%         1
 Sting                    Tmut/Pois      20%          24%         1
 Yara's Violent Unravell  Hex/Tmut       16%          30%         5
 Passwall                 Tmut/Erth      4%           34%         2
 Poisonous Vapours        Pois/Air       10%          34%         2
 Searing Ray              Conj           10%          34%         2
 Sublimation of Blood     Necr           2%           34%         2
 Wereblood                Tmut           5%           34%         2
 Conjure Flame            Conj/Fire      5%           52%         3
 Ignite Poison            Fire/Tmut/Pois 5%           52%         3
 Mephitic Cloud           Conj/Pois/Air  5%           52%         3
 Ozocubu's Armour         Ice            5%           52%         3
 Spider Form              Tmut/Pois      2%           52%         3
 Hailstorm                Conj/Ice       5%           87%         4
 Ice Form                 Ice/Tmut       5%           87%         4
 Iskenderun's Mystic Bla  Conj/Tloc      5%           87%         4
 Olgreb's Toxic Radiance  Pois           5%           87%         4
 Petrify                  Tmut/Erth      5%           87%         4
 Alistair's Intoxication  Tmut/Pois      3%           99%         5
 Blade Hands              Tmut           2%           99%         5
 Bolt of Magma            Conj/Fire/Erth 2%           99%         5
 Irradiate                Conj/Tmut      2%           99%         5
 Eringya's Noxious Bog    Tmut/Pois      2%           100%        6
 Freezing Cloud           Conj/Ice/Air   2%           100%        6
 Discord                  Hex            28%          94%         8
 Tukima's Dance           Hex            Unusable     N/A         3
 Summon Guardian Golem    Hex/Summ       Unusable     N/A         3
 Summon Small Mammal      Summ           Unusable     N/A         1
 Call Imp                 Summ           Unusable     N/A         2
 Call Canine Familiar     Summ           Unusable     N/A         3
 Summon Ice Beast         Ice/Summ       Unusable     N/A         4
 Summon Lightning Spire   Summ/Air       Unusable     N/A         4
 Malign Gateway           Summ/Tloc      Unusable     N/A         7
 Spellforged Servitor     Conj/Summ      Unusable     N/A         7

Inventory:

Hand Weapons
 a - a +1 dagger (weapon)
 b - the +12 lajatang of Acryohos {vorpal, rC+ Str-3 Int+2 Stlth+}

   It inflicts extra damage upon your enemies.
   It affects your strength (-3).
   It affects your intelligence (+2).
   It protects you from cold.
   It makes you more stealthy.
Missiles
 c - 7 throwing nets {=f}
Armour
 i - the +2 hood of the Assassin (worn) {Detection Stab+ Stlth++}

   It makes you much more stealthy.
 r - a +0 cloak (worn)
 R - +0 steam dragon scales (worn)
Jewellery
 f - an uncursed ring of protection from cold
 q - the ring "Kuggujoa" (left hand) {rF++ Str+3 Dex+6}

   [ring of dexterity]

   It affects your strength (+3).
   It affects your dexterity (+6).
   It greatly protects you from fire.
 s - an uncursed ring of wizardry
 u - an amulet of guardian spirit (around neck)
 D - a +4 ring of evasion (right hand)
 G - an uncursed amulet of regeneration
 H - an uncursed ring of poison resistance
 M - the ring "Ketoofaz" {+Fly Int+6 Slay+2 SInv}

   [ring of intelligence]

   It affects your intelligence (+6).
   It affects your accuracy and damage with ranged weapons and melee attacks
   (+2).
   It lets you see invisible.
   It lets you fly.
 O - an uncursed ring of resist corrosion
Wands
 g - a wand of iceblast (16)
 t - a wand of polymorph (19)
 w - a wand of mindburst (54)
 y - a wand of digging (19)
 K - a wand of random effects (23)
 P - a wand of paralysis (16)
 T - a wand of acid (17)
Scrolls
 e - 19 scrolls of teleportation {@r4}
 j - 10 scrolls of remove curse
 l - 5 scrolls of fog
 n - 2 scrolls of fear
 v - 6 scrolls of amnesia
 z - 2 scrolls of holy word
 A - 3 scrolls of magic mapping
 F - 6 scrolls of enchant armour
 I - a scroll of summoning {unknown}
 Q - a scroll of identify {@r1}
 S - 3 scrolls of blinking
 U - 2 scrolls of enchant weapon
Potions
 d - a potion of resistance {unknown}
 h - 7 potions of curing {@q1}
 k - 4 potions of might
 m - 2 potions of cancellation {unknown}
 o - 5 potions of brilliance
 p - 4 potions of magic
 B - 5 potions of haste {@q3}
 C - 4 potions of heal wounds {@q2}
 E - 3 potions of attraction {!q}
 V - 2 potions of lignification {unknown}
 W - 2 potions of flight {unknown}
 X - 2 potions of berserk rage {unknown}
 Y - a potion of invisibility {unknown}
 Z - a potion of mutation {unknown}
Miscellaneous
 J - a tin of tremorstones (2/2)

Dungeon Overview and Level Annotations

Branches:
Dungeon (12/15)            Temple (0/1) D:4            Lair (6/6) D:9
 Shoals (0/4) Lair:2       Spider (0/4) Lair:2        Slime (0/5) Lair:5
    Orc (2/2) D:12        Ossuary (visited)         Gauntlet (visited)
    Elf: Orc:2

Altars:
Fedhas
Nemelex Xobeh
Okawaru
Ru
Sif Muna
Trog
Beogh
Jiyva

Shops:
D:9 =*

Annotations:
Orc:2 Jorgrun

▒.▒▒£..▒...▒
.......▒.£.▒
...........▒ .
...o.......▒▒▒▒..
.....£...........
▒................
▒▒.......[.....<.
......gi.<.......
........)[[......
.................
.......£....▒....
.......£.........
.▒...............
▒.....▒..£......
......▒▒▒...▒..
...▒.. ▒.....


You could see Jorgrun (petrifying) and an orc wizard (fast).


Message History

You hit Jorgrun but do no damage.
Jorgrun is lightly wounded.
You barely miss Jorgrun.
Jorgrun is lightly wounded.
The orc wizard begins to cast a spell, but is stunned by your conviction!
You redirect Jorgrun's attack!
Jorgrun points at himself and mumbles some strange words.
Jorgrun is moving more slowly.
* * * LOW HITPOINT WARNING * * *
The grasping roots constrict you!
You hit Jorgrun but do no damage.
Jorgrun is lightly wounded.
You hit Jorgrun but do no damage.
Jorgrun is lightly wounded.
The orc wizard gestures wildly while chanting.
The orc wizard seems to speed up.
You catch the helpless Jorgrun completely off-guard!
You hit Jorgrun but do no damage.
Jorgrun is lightly wounded.
The orc wizard begins to cast a spell, but is stunned by your conviction!
Jorgrun misses you.
* * * LOW HITPOINT WARNING * * *
The grasping roots constrict you!
You hit Jorgrun but do no damage.
Jorgrun is lightly wounded.
You catch the helpless Jorgrun completely off-guard!
You hit Jorgrun but do no damage.
Jorgrun is lightly wounded.
Jorgrun misses you.
You die...

Action                   |  1- 3 |  4- 6 |  7- 9 | 10-12 | 13-15 || total
-------------------------+-------+-------+-------+-------+-------++-------
Melee: Dagger            |   115 |   213 |   203 |   385 |   810 ||  1726
       Quarterstaff      |       |       |       |    38 |    21 ||    59
 Cast: Corona            |    14 |       |       |       |       ||    14
       Ensorcelled Hiber |    20 |    89 |    64 |   148 |   323 ||   644
       Confusing Touch   |       |     6 |    17 |    28 |    59 ||   110
       Dazzling Flash    |       |       |       |       |     8 ||     8
       Cause Fear        |       |       |       |       |     1 ||     1
Invok: Sacrifice Experie |       |     1 |       |       |       ||     1
       Sacrifice Skill   |       |       |     1 |       |       ||     1
       Sacrifice Essence |       |       |     1 |     1 |       ||     2
       Reject Sacrifices |       |       |       |     1 |       ||     1
       Apocalypse        |       |       |       |       |     3 ||     3
       Sacrifice Purity  |       |       |       |       |     1 ||     1
       Sacrifice Love    |       |       |       |       |     1 ||     1
Evoke: Wand              |       |       |       |     2 |       ||     2
  Use: Potion            |       |       |     2 |     4 |     1 ||     7
       Scroll            |       |       |       |    13 |    10 ||    23
 Stab: Sleeping          |    21 |    56 |    45 |    94 |   198 ||   414
       Distracted        |       |     3 |     4 |     5 |     8 ||    20
       Invisible         |       |     2 |     1 |     1 |    16 ||    20
       Confused          |       |     6 |    19 |    39 |    71 ||   135
       Paralysed         |       |       |       |     2 |     2 ||     4
       Petrifying        |       |       |       |       |     2 ||     2
       Fleeing           |       |       |       |       |     1 ||     1
Armor: Robe              |     8 |    20 |     5 |    17 |    13 ||    63
       Steam dragon scal |       |       |       |       |    18 ||    18
Dodge: Dodged            |   118 |   193 |   173 |   364 |   983 ||  1831

Levels and vault maps discovered:
D:1:      lordsloth_arrival_two_stooges, layout_rooms, serial_rivers,
          chequers_serial_rivers_marsh, chequers_serial_rivers_small_3,
          chequers_serial_rivers_large_b, chequers_serial_rivers_micro_d,
          hangedman_decor_growths
D:2:      layout_basic, grunt_temple_overflow_open,
          nicolae_ru_the_path_less_chosen, uniq_jessica
D:3:      layout_loops_ring, uniq_ijyb
D:4:      layout_cave_pools, minmay_temple_entry_tees, uniq_crazy_yiuf_cottage
D:5:      layout_basic, chequers_serial_rivers_room_a
D:6:      layout_rooms, basic_altar, okawaru_altar_gauntlet_db, uniq_grinder
D:7:      layout_layer_cave
D:8:      layout_basic, nicolae_ossuary_entry_giza, fedhas_altar_1
D:9:      layout_gridville, dpeg_lair_monsters, serial_shops, shop,
          nicolae_shop_stone, lemuel_flame_loot_1, uniq_pikel, uniq_grum
D:10:     minmay_the_grid_net [minmay_the_grid_odd_star, minmay_the_grid_box_x,
          minmay_the_grid_small_cups, minmay_the_grid_spikes,
          minmay_the_grid_medium_cups,
          minmay_the_grid_prize_four_corners_diamond_b], layout_irregular_city,
          basic_altar
D:11:     layout_irregular_city
D:12:     layout_long_grid, minmay_orc_entry_temple_small, basic_altar,
          gauntlet_entry_generic, ebering_ghost_rock_garden, solitary_fountain,
          amethyst_killhole
Lair:1:   layout_small_grid, minivault_25, uniq_harold
Lair:2:   layout_roguey, minmay_shoals_entry_centaurs, spider_nest_entry_a,
          roderic_carrion_pond, infiniplex_staircase_pool_2
Lair:3:   layout_gridlike, gammafunk_ghost_necromancy, gammafunk_lair_bear_cave
Lair:4:   layout_cave_pods, uniq_urug
Lair:5:   layout_small_grid, slime_altar_1, nicolae_quartered_pool_little,
          minmay_lair_oklob_chamber, lemuel_fruit_tree, grunt_megastairs_4
Lair:6:   hangedman_lair_caniforms_friends, layout_hall_layers,
          guppyfry_lair_end_dragon, special_room [special_room_mythical_zoo],
          eino_small_chamber_without_monster, chequers_serial_rivers_large_a,
          patterned_corridor
Orc:1:    layout_diamond_mine, trog_book
Orc:2:    grunt_orc_community_town_hall, layout_caves,
          grunt_orc_community_big_house_1, grunt_orc_community_big_house_2,
          grunt_orc_community_house_2, grunt_orc_community_house_3,
          grunt_orc_community_house_3, grunt_orc_community_house_2,
          grunt_orc_community_house_2, uniq_jorgrun

Notes
Turn   | Place    | Note
-------+----------+-------------------------------------------
     0 | D:1      | sanka the Spriggan Enchanter began the quest for the Orb.
     0 | D:1      | Reached XP level 1. HP: 9/9 MP: 5/5
   140 | D:1      | Reached skill level 5 in Stealth
   403 | D:1      | Reached XP level 2. HP: 6/13 MP: 6/6
   579 | D:1      | Learned a level 2 spell: Ensorcelled Hibernation
   655 | D:1      | Upgraded the game from 0.27-a0-54-g64bdb92e38 to
                  | 0.27-a0-59-gfbafd837a3
   655 | D:1      | Upgraded the game from 0.27-a0-59-gfbafd837a3 to
                  | 0.27-a0-72-g3544c24705
   655 | D:1      | Upgraded the game from 0.27-a0-72-g3544c24705 to
                  | 0.27-a0-74-gebd156f8b4
   655 | D:1      | Upgraded the game from 0.27-a0-74-gebd156f8b4 to
                  | 0.27-a0-124-g19cb506db8
   797 | D:2      | Reached skill level 6 in Stealth
  1292 | D:2      | Reached XP level 3. HP: 16/16 MP: 8/8
  1682 | D:2      | Found a bloodstained altar of Trog.
  1784 | D:2      | Found a sparkling altar of Nemelex Xobeh.
  1785 | D:2      | Noticed Jessica
  1793 | D:2      | Killed Jessica
  1794 | D:2      | Reached skill level 7 in Stealth
  2055 | D:2      | Found a sacrificial altar of Ru.
  2155 | D:2      | Became a worshipper of Ru the Awakened
  2196 | D:3      | Reached XP level 4. HP: 21/21 MP: 9/9
  2201 | D:3      | Reached skill level 8 in Stealth
  2284 | D:3      | Reached skill level 2 in Short Blades
  2556 | D:3      | Reached XP level 5. HP: 24/24 MP: 5/10
  2742 | D:3      | Reached skill level 3 in Short Blades
  3481 | D:3      | Reached skill level 4 in Short Blades
  3874 | D:3      | Noticed Ijyb
  4770 | D:3      | Killed Ijyb
  4771 | D:3      | Reached XP level 6. HP: 27/28 MP: 0/11
  5205 | D:4      | Found a staircase to the Ecumenical Temple.
  5248 | D:3      | Learned a level 3 spell: Confusing Touch
  5258 | D:4      | Reached skill level 5 in Short Blades
  5258 | D:4      | Reached skill level 3 in Spellcasting
  5258 | D:4      | Reached skill level 4 in Hexes
  5462 | D:4      | Reached skill level 4 in Spellcasting
  5537 | D:4      | Gained mutation: You are somewhat inexperienced. (-2 XL)
                  | [Ru sacrifice]
  5537 | D:4      | Reached XP level 5. HP: 24/24 MP: 12/12
  5537 | D:4      | Reached XP level 4. HP: 21/21 MP: 11/11
  5537 | D:4      | Reached * piety under Ru
  5537 | D:4      | Reached ** piety under Ru
  5869 | D:4      | Found a runed translucent door.
  5870 | D:4      | Noticed Crazy Yiuf
  5879 | D:4      | Killed Crazy Yiuf
  5880 | D:4      | Reached skill level 5 in Hexes
  5880 | D:4      | Reached XP level 5. HP: 24/24 MP: 7/12
  5956 | D:5      | Entered Level 5 of the Dungeon
  6378 | D:5      | Noticed a sky beast
  6382 | D:5      | Killed a sky beast
  6450 | D:5      | Reached skill level 6 in Hexes
  6450 | D:5      | Reached XP level 6. HP: 28/28 MP: 13/13
  7032 | D:6      | Noticed an ice beast
  7053 | D:6      | Killed an ice beast
  7054 | D:6      | Reached skill level 7 in Hexes
  7168 | D:6      | Found an iron altar of Okawaru.
  7206 | D:6      | Found an iron altar of Okawaru.
  7606 | D:6      | Noticed Grinder
  7606 | D:6      | Noticed a sky beast
  7613 | D:6      | Paralysed by Grinder for 7 turns
  7620 | D:6      | HP: 1/28 [sky beast (5)]
  7932 | D:6      | Reached XP level 7. HP: 32/32 MP: 11/14
  7953 | D:6      | Killed Grinder
  7954 | D:6      | Reached skill level 8 in Hexes
  7954 | D:6      | Reached skill level 1 in Fighting
  7954 | D:6      | Reached skill level 4 in Dodging
  8067 | D:6      | Reached skill level 2 in Fighting
  8067 | D:6      | Reached skill level 5 in Dodging
  8374 | D:7      | Gained mutation: You are somewhat unskilled. (-1 Apt) [Ru
                  | sacrifice]
  8374 | D:7      | Reduced skill Short Blades to level 4
  8374 | D:7      | Reduced skill Stealth to level 7
  8374 | D:7      | Reduced skill Spellcasting to level 3
  8374 | D:7      | Reduced skill Hexes to level 7
  8374 | D:7      | Reached *** piety under Ru
  8887 | D:6      | Reached XP level 8. HP: 27/39 MP: 1/14
  9190 | D:6      | HP: 1/39 [killer bee (7)]
  9199 | D:6      | Reached skill level 4 in Spellcasting
  9393 | D:7      | HP: 2/39 [orc warrior/+2 halberd of flaming (3)]
  9924 | D:7      | Reached skill level 5 in Short Blades
  9927 | D:7      | Reached skill level 8 in Stealth
  9943 | D:7      | Reached skill level 6 in Dodging
 10040 | D:7      | Reached skill level 3 in Fighting
 10342 | D:7      | Reached skill level 8 in Hexes
 10662 | D:8      | Reached skill level 7 in Dodging
 10770 | D:8      | Found a sand-covered staircase.
 10774 | Ossuary  | Entered an ossuary
 11190 | Ossuary  | Reached skill level 8 in Dodging
 11190 | Ossuary  | Reached XP level 9. HP: 44/44 MP: 16/16
 11946 | D:8      | Gained mutation: Your casting is slightly disrupted. [Ru
                  | sacrifice]
 11946 | D:8      | Reached **** piety under Ru
 11953 | D:8      | Found a blossoming altar of Fedhas.
 12037 | D:9      | Noticed Pikel
 12070 | D:8      | Killed Pikel
 12134 | D:9      | Noticed a death yak
 12135 | D:9      | Noticed Grum
 12302 | D:8      | Killed a death yak
 12303 | D:8      | Reached skill level 9 in Dodging
 12303 | D:8      | Reached skill level 9 in Stealth
 12303 | D:8      | Reached skill level 5 in Spellcasting
 12558 | D:9      | Killed Grum
 12598 | D:9      | Reached XP level 10. HP: 48/49 MP: 11/19
 12704 | D:9      | Found a staircase to the Lair.
 12704 | D:9      | Noticed a death yak
 12729 | D:9      | Reached skill level 6 in Short Blades
 12730 | D:9      | Noticed a death yak
 12833 | D:8      | Killed a death yak
 12834 | D:8      | Reached skill level 4 in Fighting
 12834 | D:8      | Reached skill level 9 in Hexes
 13130 | D:8      | Killed a death yak
 13131 | D:8      | Reached skill level 10 in Stealth
 13131 | D:8      | Reached skill level 6 in Spellcasting
 13518 | D:9      | Found Hiurchau's Jewellery Shoppe.
 13766 | D:9      | Reached skill level 10 in Dodging
 14047 | D:9      | Found Paeclih's Assorted Antiques.
 14091 | D:9      | Bought a ring of evasion for 52 gold pieces
 14249 | D:9      | Learned a level 3 spell: Tukima's Dance
 14269 | Lair:1   | Entered Level 1 of the Lair of Beasts
 14269 | Lair:1   | Noticed a cane toad
 14276 | Lair:1   | Killed a cane toad
 14297 | Lair:1   | Noticed a cane toad
 14305 | Lair:1   | Killed a cane toad
 14306 | Lair:1   | Reached skill level 7 in Short Blades
 14407 | Lair:1   | Reached XP level 11. HP: 43/54 MP: 1/21
 14674 | Lair:1   | Gained mutation: Your casting is disrupted. [Ru sacrifice]
 14674 | Lair:1   | Reached ***** piety under Ru
 14807 | Lair:1   | Reached skill level 10 in Hexes
 15030 | Lair:1   | Reached skill level 11 in Hexes
 15202 | Lair:1   | Got a warped spear
 15203 | Lair:1   | Identified the +4 spear of Fifof {venom, Fragile rPois
                  | Will+++ Int-3} (You found it on level 1 of the Lair of
                  | Beasts)
 15320 | Lair:1   | Noticed Harold
 15330 | Lair:1   | Killed Harold
 15342 | Lair:1   | Noticed a seven-headed hydra
 15494 | Lair:1   | Killed a seven-headed hydra
 15495 | Lair:1   | Reached skill level 12 in Hexes
 15771 | Lair:2   | Found a staircase to the Shoals.
 15789 | Lair:2   | Reached skill level 5 in Fighting
 15944 | Lair:2   | Reached skill level 11 in Stealth
 16194 | Lair:2   | Got a crude golden ring
 16196 | Lair:2   | Identified the ring "Ketoofaz" {+Fly Int+6 Slay+2 SInv}
                  | (You found it on level 2 of the Lair of Beasts)
 16525 | Lair:2   | Found a hole to the Spider Nest.
 17108 | Lair:3   | Noticed a four-headed hydra
 17124 | Lair:2   | Killed a four-headed hydra
 17125 | Lair:2   | Reached skill level 11 in Dodging
 17125 | Lair:2   | Reached XP level 12. HP: 50/60 MP: 16/22
 17385 | Lair:3   | Reached skill level 8 in Short Blades
 17390 | Lair:3   | Got a shimmering turquoise ring
 17392 | Lair:3   | Identified the ring "Kuggujoa" {rF++ Str+3 Dex+6} (You
                  | found it on level 3 of the Lair of Beasts)
 17663 | Lair:3   | Reached skill level 12 in Stealth
 17724 | Lair:3   | Found a runed translucent gate.
 17724 | Lair:3   | Found a runed translucent gate.
 17724 | Lair:3   | Found a runed translucent gate.
 17725 | Lair:3   | Noticed Luytoaf's ghost (journeyman DECj)
 17765 | Lair:3   | Noticed a seven-headed hydra
 17999 | Lair:3   | Killed a seven-headed hydra
 18274 | Lair:3   | HP: 5/58 [poisoned by Luytoaf's ghost (toxic radiance)]
 19050 | Lair:3   | Killed Luytoaf's ghost
 19051 | Lair:3   | Reached skill level 6 in Fighting
 19223 | Lair:3   | Reached skill level 13 in Hexes
 19967 | Lair:4   | Reached skill level 12 in Dodging
 20164 | Lair:4   | Noticed a death yak
 20165 | Lair:4   | Noticed a death yak
 20165 | Lair:4   | Noticed a death yak
 20165 | Lair:4   | Noticed a death yak
 20166 | Lair:4   | Noticed a death yak
 20166 | Lair:4   | Noticed a death yak
 20166 | Lair:4   | Noticed a death yak
 20167 | Lair:4   | Noticed a death yak
 20376 | Lair:3   | Killed a death yak
 20398 | Lair:3   | Killed a death yak
 20399 | Lair:3   | Reached skill level 13 in Stealth
 20605 | Lair:4   | Noticed Urug
 20636 | Lair:4   | Killed Urug
 21013 | Lair:3   | Killed a death yak
 21043 | Lair:3   | Killed a death yak
 21324 | Lair:4   | Killed a death yak
 21325 | Lair:4   | Reached skill level 7 in Fighting
 21325 | Lair:4   | Reached XP level 13. HP: 53/67 MP: 11/23
 23000 | Lair:4   | Reached skill level 14 in Stealth
 23110 | Lair:4   | Reached skill level 14 in Hexes
 23626 | Lair:5   | Found a viscous altar of Jiyva.
 23626 | Lair:5   | Found a staircase to the Slime Pits.
 23715 | Lair:5   | Learned a level 4 spell: Cause Fear
 23719 | Lair:5   | Learned a level 3 spell: Dazzling Flash
 24170 | Lair:6   | Entered Level 6 of the Lair of Beasts
 24803 | Lair:5   | Reached skill level 8 in Fighting
 25032 | Lair:6   | Reached skill level 15 in Stealth
 25222 | Lair:6   | Identified +0 steam dragon scales
 26780 | Lair:6   | Reached skill level 15 in Hexes
 26780 | Lair:6   | Reached XP level 14. HP: 70/74 MP: 12/24
 27302 | Lair:6   | Reached skill level 13 in Dodging
 27599 | Lair:6   | Reached skill level 9 in Fighting
 28140 | Lair:6   | Identified +0 acid dragon scales
 28450 | Lair:6   | Identified +0 swamp dragon scales
 28796 | Lair:6   | Identified +0 fire dragon scales
 29165 | Lair:6   | Learned a level 5 spell: Silence
 29748 | D:10     | Entered Level 10 of the Dungeon
 29771 | D:10     | Reached skill level 14 in Dodging
 30084 | D:10     | Gained mutation: You are hated by all. [Ru sacrifice]
 30090 | D:10     | Identified the Collected Works on Illusion
 30910 | D:10     | Found a shimmering blue altar of Sif Muna.
 31964 | D:11     | Gained mutation: You are clumsy. (Dex -2) [Ru sacrifice]
 31964 | D:11     | Reached ****** piety under Ru
 31988 | D:11     | Reached skill level 9 in Short Blades
 32268 | D:12     | Found a sacrificial altar of Ru.
 32359 | D:12     | Found a runed translucent gate.
 32382 | D:12     | Found a gate leading to a gauntlet.
 32411 | Gauntlet | Entered a Gauntlet
 32411 | Gauntlet | Found a transporter.
 32411 | Gauntlet | Found a transporter.
 32411 | Gauntlet | Found a transporter.
 32412 | Gauntlet | Found the +2 hood of the Assassin {Detection Stab+ Stlth++}
 32412 | Gauntlet | Found a transporter.
 32426 | Gauntlet | Found a transporter.
 32432 | Gauntlet | Found a transporter.
 32438 | Gauntlet | Found a transporter.
 32450 | Gauntlet | Found a transporter.
 32451 | Gauntlet | Found a transporter.
 32455 | Gauntlet | Found a transporter.
 32529 | Gauntlet | Found a transporter.
 32560 | Gauntlet | Found a transporter.
 32782 | Gauntlet | Identified the Catalogue of Combat Magic and the Glacier
 32817 | Gauntlet | Identified the +12 lajatang of Acryohos {vorpal, rC+ Str-3
                  | Int+2 Stlth+}
 32839 | Gauntlet | Identified Sezuiray's Grimoire of Stones and the Arsonist
 32868 | D:12     | Reached skill level 10 in Fighting
 33869 | D:12     | Found a runed translucent gate.
 33869 | D:12     | Found a runed translucent gate.
 33869 | D:12     | Noticed hittemvvvvvvhard's ghost (novice TrMo)
 33935 | D:12     | Found a staircase to the Orcish Mines.
 33941 | D:12     | Found a roughly hewn altar of Beogh.
 34104 | D:12     | Killed hittemvvvvvvhard's ghost
 34198 | Orc:1    | Entered Level 1 of the Orcish Mines
 34237 | Orc:2    | Entered Level 2 of the Orcish Mines
 34237 | Orc:2    | Noticed Jorgrun
 34404 | Orc:2    | Mangled by Jorgrun

Vanquished Creatures
  A minotaur (Gauntlet)
  A fire dragon (Lair:6)
  8 hydras
  A boulder beetle (Lair:6)
  The ghost of Luytoaf the Nimble, a journeyman DECj of Vehumet (Lair:3)
  Harold (Lair:1)
  The ghost of hittemvvvvvvhard the Grappler, a novice TrMo of Uskayaw (D:12)
  14 death yaks
  Urug (Lair:4)
  A swamp dragon (Lair:6)
  A glowing orange brain (Gauntlet)
  2 lindwurms (Lair:6)
  Pikel (D:8)
  A wolf spider (shapeshifter) (Lair:5)
  2 cyclopes (D:10)
  4 oklob plants (Lair:5)
  An ugly thing (Gauntlet)
  A torpor snail (Lair:4)
  5 black mambas
  6 elephants
  7 rime drakes
  7 cane toads
  9 komodo dragons
  A yaktaur (shapeshifter) (D:12)
  A yaktaur (D:10)
  3 trolls
  2 hornets
  12 polar bears
  A jumping spider (Lair:2)
  3 meliai (Gauntlet)
  Grinder (D:6)
  12 dream sheep
  6 blink frogs
  A spectral black mamba (Lair:3)
  57 yaks
  A redback (Lair:2)
  10 wyverns
  Grum (D:9)
  3 wraiths
  2 steam dragons (Lair:6)
  3 basilisks
  4 wargs (Lair:6)
  2 acid dragons (Lair:6)
  2 spectral cane toads
  A hydra simulacrum (Lair:3)
  7 water moccasins
  20 hell hounds (Lair:6)
  4 ice beasts
  11 orc warriors
  15 black bears
  An eye of draining (D:10)
  7 necrophages
  2 sky beasts
  2 phantoms (D:10)
  16 wolves
  7 centaurs
  4 ogres
  2 lemures
  2 big kobolds
  22 bullfrogs
  A wyvern zombie (D:9)
  A jelly (D:11)
  4 scorpions
  11 wights
  16 killer bees
  2 electric eels
  A howler monkey (D:10)
  2 centaur zombies
  4 bullfrog zombies
  2 bullfrog skeletons (D:10)
  A hound (D:6)
  8 orc priests
  6 orc wizards
  Crazy Yiuf (D:4)
  4 centaur skeletons
  Jessica (D:2)
  6 worker ants
  Ijyb (D:3)
  7 iguanas
  5 hell rats (Lair:6)
  A big kobold zombie (Ossuary)
  4 mummies
  A hound skeleton (D:6)
  5 gnolls
  12 adders
  3 shadow imps
  2 white imps
  2 ufetubi
  2 adder zombies
  3 worms
  A dart slug (D:1)
  3 leopard geckos
  66 orcs
  8 giant cockroaches
  A gnoll zombie (Ossuary)
  7 goblins
  7 hobgoblins
  11 jackals
  7 quokkas
  5 bats
  5 frilled lizards
  2 goblin zombies
  6 hobgoblin zombies
  2 jackal skeletons
  A jackal zombie (D:5)
  15 kobolds
  A leopard gecko skeleton (D:8)
  6 rats
601 creatures vanquished.

Vanquished Creatures (collateral kills)
  A killer bee (D:6)
1 creature vanquished.

Vanquished Creatures (others)
  A sky beast (D:6)
  A wight (D:9)
  A jelly (D:9)
  An orc (D:12)
  2 kobolds (D:12)
  2 demonic plants (Gauntlet)
  38 fungi
  85 plants
131 creatures vanquished.

Grand Total: 733 creatures vanquished
